AoeStats
← SW_Paul

Arena

510066840Analyzed
4v4 RM · 2d ago on Sep 29, 2026· 36m 8s· 8 players
Game mode
Random Map
Map size
Large (8 player)
Population
200
Speed
Normal
Resources
Standard
Victory
Conquest
Starting age
Dark Age
Ending age
Imperial Age
RankedLock teamsTeams togetherTeam positionsShared explorationLock speedFull tech treeHidden civsTurbo modeCheats
Victory
Defeat
🇨🇳 Vietnamese · China
1343
+14
🇭🇰 Italians · Hong Kong SAR China
1198
+19
🇭🇰 Wei · Hong Kong SAR China
1198
+20
🇭🇰 Cumans · Hong Kong SAR China
1185
+20
🇪🇸 Vikings · Spain
1360
-22
🇹🇷 Portuguese · Türkiye
1275
-18
🇮🇱 Mongols · Israel
1254
-17
🇨🇳 Varangians · China
1228
-16
Mike
10:02 Feudal Age
14:26 Castle Age
12:20 Double-Bit Axe
12:44 Horse Collar
15:36 Bow Saw
17:01 Heavy Plow
20:07 Heavy Plow
22:19 Wheelbarrow
23:34 Gold Mining
23:41 Loom
25:12 Scale Barding Armor
25:18 Forging
25:55 Gold Shaft Mining
26:28 Bloodlines
26:20 Husbandry
26:17 Light Cavalry
28:04 Hand Cart
31:59 Imperial Age
30:06 Chain Barding Armor
30:57 Ballistics
31:13 Iron Casting
30:29 Fletching
30:39 Padded Archer Armor
32:40 Bodkin Arrow
33:00 Leather Archer Armor
32:18 Hussar
33:21 Bracer
Aspirante
10:31 Feudal Age
14:48 Castle Age
17:54 Forging
23:59 Scale Mail Armor
24:03 Horse Collar
27:37 Gold Mining
28:08 Double-Bit Axe
29:00 Loom
29:31 Heavy Plow
31:01 Chieftains
32:09 Man-at-Arms
32:50 Squires
32:36 Arson
36:21 Imperial Age
33:14 Long Swordsman
35:42 Chain Mail Armor
36:02 Iron Casting
36:55 Iron Casting
SW_Paul
11:26 Feudal Age
13:11 Double-Bit Axe
16:20 Castle Age
14:27 Horse Collar
16:11 Gold Mining
16:12 Stone Mining
19:15 Bow Saw
20:08 Loom
23:56 Heavy Plow
24:51 Wheelbarrow
25:38 Stone Shaft Mining
30:10 Imperial Age
28:15 Hand Cart
28:11 Scale Barding Armor
28:17 Forging
29:03 Chain Barding Armor
30:08 Iron Casting
29:48 Bloodlines
29:39 Husbandry
33:32 Plate Barding Armor
33:27 Scale Mail Armor
34:36 Conscription
33:43 Pikeman
34:28 Squires
34:14 Arson
Sawyer
11:45 Feudal Age
15:54 Castle Age
14:02 Gold Mining
14:22 Stone Mining
15:24 Loom
15:35 Double-Bit Axe
22:30 Imperial Age
23:15 Wheelbarrow
26:57 Chemistry
32:52 Conscription
Hung Kaho
10:50 Feudal Age
14:46 Castle Age
12:51 Horse Collar
13:40 Double-Bit Axe
16:16 Bow Saw
18:04 Loom
21:41 Wheelbarrow
21:40 Gold Mining
23:57 Stone Mining
24:43 Gold Shaft Mining
24:15 Heavy Plow
27:53 Imperial Age
26:56 Scale Barding Armor
27:02 Forging
27:45 Hand Cart
27:44 Treadmill Crane
28:50 Chain Barding Armor
29:05 Iron Casting
29:04 Tuntian
29:25 Conscription
28:31 Heavy Hei Guang Cavalry
29:11 Husbandry
29:22 Bloodlines
30:44 Crop Rotation
32:10 Blast Furnace
31:01 Fletching
33:12 Ming Guang Armor
MaGicPK
8:45 Feudal Age
9:26 Double-Bit Axe
11:19 Horse Collar
13:31 Loom
17:33 Wheelbarrow
17:54 Gold Mining
21:10 Castle Age
19:56 Scale Barding Armor
20:02 Forging
20:18 Bloodlines
22:19 Chain Barding Armor
22:35 Iron Casting
23:21 Hand Cart
24:22 Capped Ram
27:36 Bow Saw
bbhin
10:30 Feudal Age
14:10 Castle Age
12:00 Double-Bit Axe
15:20 Bow Saw
16:35 Horse Collar
19:38 Wheelbarrow
22:53 Hand Cart
22:56 Gold Mining
24:34 Padded Archer Armor
28:18 Imperial Age
25:34 Loom
26:24 Leather Archer Armor
27:27 Treadmill Crane
29:58 Chemistry
29:30 Ring Archer Armor
28:55 Stone Mining
29:08 Heavy Plow
30:08 Two-Man Saw
29:38 Thumb Ring
30:43 Conscription
30:35 Pirotechnia
31:29 Fletching
33:49 Ballistics
33:40 Masonry
半时
9:54 Feudal Age
13:54 Castle Age
12:42 Double-Bit Axe
13:27 Horse Collar
14:49 Bow Saw
16:18 Heavy Plow
17:02 Wheelbarrow
19:23 Loom
21:18 Gold Mining
24:48 Imperial Age
22:48 Fletching
23:24 Crossbowman
24:13 Bodkin Arrow
25:36 Ballistics
27:19 Chemistry
28:03 Two-Man Saw
27:20 Bracer
27:41 Padded Archer Armor
28:57 Leather Archer Armor
29:37 Arbalester
31:44 Hand Cart
33:11 Siege Engineers
35:31 Town Watch
36:32 Thumb Ring
Connection lost

Rejoining the realm…

Still unreachable

The connection could not be restored.

Session expired

The server has moved on; the page needs a fresh start.